AoeStats
← Carple

Black Forest

508374425Analyzed
4v4 RM · 11d ago on Sep 22, 2026· 50m 12s· 8 players
Game mode
Random Map
Map size
Large (8 player)
Population
200
Speed
Normal
Resources
Standard
Victory
Conquest
Starting age
Dark Age
Ending age
Imperial Age
RankedLock teamsTeams togetherTeam positionsShared explorationLock speedFull tech treeHidden civsTurbo modeCheats
Victory
Defeat
🇲🇽 Romans · Mexico
1076
+12
🇲🇽 Portuguese · Mexico
1006
+15
🇲🇽 Khmer · Mexico
982
+16
🇲🇽 Bohemians · Mexico
881
+19
🇺🇸 Romans · United States
1012
-18
🇨🇳 Italians · China
974
-15
🇦🇺 Hindustanis · Australia
967
-15
🇨🇦 Spanish · Canada
942
-14
Reaper20131
5:33 Loom
13:24 Feudal Age
17:38 Castle Age
16:17 Double-Bit Axe
28:45 Bow Saw
28:21 Horse Collar
28:38 Gold Mining
28:51 Stone Mining
29:11 Scale Barding Armor
29:17 Forging
29:09 Scale Mail Armor
30:12 Wheelbarrow
34:34 Imperial Age
32:21 Hand Cart
36:49 Conscription
37:49 Husbandry
38:00 Bloodlines
38:21 Comitatenses
38:20 Cavalier
40:31 Gold Shaft Mining
41:37 Chain Barding Armor
41:53 Iron Casting
43:40 Light Cavalry
44:18 Heavy Scorpion
45:12 Ballistas
46:03 Plate Barding Armor
46:29 Blast Furnace
Carple
10:34 Feudal Age
11:03 Double-Bit Axe
16:42 Castle Age
15:02 Horse Collar
15:51 Stone Mining
17:12 Forging
17:52 Bloodlines
19:35 Loom
23:35 Bow Saw
24:02 Heavy Plow
25:58 Wheelbarrow
25:23 Town Watch
29:06 Hand Cart
29:24 Scale Barding Armor
29:54 Iron Casting
29:10 Fletching
29:21 Padded Archer Armor
30:16 Husbandry
30:17 Light Cavalry
35:04 Imperial Age
32:44 Caravan
33:43 Town Patrol
34:00 Leather Archer Armor
35:31 Chain Barding Armor
35:07 Bodkin Arrow
35:13 Scale Mail Armor
34:35 Pikeman
35:16 Squires
35:01 Gambesons
35:02 Arson
34:38 Man-at-Arms
35:31 Gold Mining
36:19 Conscription
37:33 Chemistry
37:08 Ring Archer Armor
36:39 Cavalier
38:20 Plate Barding Armor
38:46 Blast Furnace
37:47 Bracer
38:03 Chain Mail Armor
38:35 Paladin
40:15 Elite Conquistador
41:07 Hussar
KingJo
11:58 Loom
13:46 Feudal Age
18:25 Castle Age
17:00 Double-Bit Axe
18:34 Horse Collar
19:33 Bow Saw
19:59 Heavy Plow
26:41 Wheelbarrow
27:56 Gold Mining
27:57 Stone Mining
30:06 Gold Shaft Mining
30:07 Stone Shaft Mining
30:00 Hand Cart
34:48 Imperial Age
33:50 Stone Shaft Mining
35:17 Scale Barding Armor
35:23 Forging
35:26 Bloodlines
35:35 Fortified Wall
36:23 Chain Barding Armor
35:28 Heavy Camel Rider
36:15 Caravan
TheDrak
0:31 Loom
11:46 Feudal Age
13:09 Double-Bit Axe
19:58 Castle Age
20:42 Horse Collar
21:55 Heavy Plow
31:18 Imperial Age
28:52 Fletching
29:52 Bodkin Arrow
30:47 Gold Mining
31:11 Bow Saw
32:24 Wheelbarrow
32:33 Bracer
34:05 Chemistry
34:43 Padded Archer Armor
35:07 Ballistics
35:03 Capped Ram
36:16 Elite Genoese Crossbowman
37:20 Conscription
37:20 Leather Archer Armor
38:15 Masonry
40:12 Thumb Ring
41:37 Ring Archer Armor
42:24 Hand Cart
44:52 Scale Barding Armor
44:11 Light Cavalry
44:54 Husbandry
45:06 Bloodlines
46:16 Architecture
46:11 Chain Barding Armor
45:47 Hussar
46:56 Forging
48:09 Plate Barding Armor
48:53 Stone Mining
50:52 Iron Casting
guseshu
0:29 Loom
11:56 Feudal Age
16:00 Town Watch
19:10 Castle Age
17:05 Double-Bit Axe
17:11 Gold Mining
17:05 Horse Collar
20:03 Bow Saw
20:54 Stone Mining
24:07 Pikeman
26:13 Stone Shaft Mining
28:01 Wheelbarrow
36:00 Imperial Age
34:01 Heavy Plow
35:01 Treadmill Crane
35:42 Ballistics
38:02 Imperial Age
35:57 Scale Mail Armor
36:20 Fortified Wall
36:48 Forging
36:36 Elite Skirmisher
37:30 Padded Archer Armor
37:20 Fletching
39:16 Bodkin Arrow
39:36 Leather Archer Armor
39:45 Conscription
39:09 Halberdier
41:33 Ring Archer Armor
42:51 Chemistry
42:02 Thumb Ring
43:43 Husbandry
43:53 Bloodlines
44:59 Bracer
45:57 Hand Cart
49:13 Two-Man Saw
49:10 Arquebus
lapizon
6:20 Loom
12:19 Feudal Age
12:47 Double-Bit Axe
17:07 Wheelbarrow
17:16 Horse Collar
20:33 Castle Age
21:34 Bow Saw
21:25 Heavy Plow
23:44 Chemistry
30:07 Forging
29:57 Scale Mail Armor
30:25 Hand Cart
34:28 Imperial Age
34:07 Iron Casting
33:48 Chain Mail Armor
33:24 Fletching
37:03 Two-Man Saw
35:55 Town Watch
35:57 Loom
37:16 Blast Furnace
36:12 Bodkin Arrow
41:27 Elite Skirmisher
43:01 Houfnice
46:06 Ballistics
ThiranoMarck
3:12 Loom
12:19 Feudal Age
16:36 Castle Age
14:36 Double-Bit Axe
14:34 Horse Collar
14:59 Gold Mining
15:00 Stone Mining
26:54 Imperial Age
25:28 Heavy Plow
25:48 Bow Saw
26:41 Gold Shaft Mining
27:41 Wheelbarrow
28:44 Fletching
30:39 Hand Cart
30:59 Crop Rotation
31:08 Ballistics
31:50 Chemistry
30:54 Heavy Scorpion
31:42 Bodkin Arrow
32:47 Siege Engineers
32:47 Bracer
33:50 Double Crossbow
34:35 Town Watch
PGTKing50
0:30 Loom
13:02 Feudal Age
17:14 Castle Age
15:55 Double-Bit Axe
16:51 Horse Collar
18:39 Wheelbarrow
18:17 Bow Saw
18:10 Heavy Plow
27:07 Hand Cart
31:53 Imperial Age
29:18 Town Watch
29:55 Gold Mining
30:23 Town Patrol
30:35 Ballistas
32:30 Ballistics
32:21 Fortified Wall
33:09 Gold Shaft Mining
33:38 Heavy Scorpion
37:06 Chemistry
41:28 Siege Engineers
Connection lost

Rejoining the realm…

Still unreachable

The connection could not be restored.

Session expired

The server has moved on; the page needs a fresh start.